 Dungeon Crawl Stone Soup version 0.27-a0-1137-g3ef0f4ec91 (webtiles) character file.

Game seed: 2168665456638473117

278 DasRunzen the Poker (level 6, -2/47 HPs)
             Began as a Demonspawn Gladiator on May 6, 2021.
             Was a Believer of Okawaru.
             Slain by an orc wizard
             ... wielding a +2 dagger of holy wrath
              (4 damage)
             ... on level 4 of the Dungeon.
             The game lasted 00:05:58 (5004 turns).

DasRunzen the Poker (Demonspawn Gladiator)          Turns: 5004, Time: 00:05:58

Health: -2/47      AC:  6    Str: 15    XL:     6   Next: 5%
Magic:  8/8        EV: 10    Int: 17    God:    Okawaru [**....]
Gold:   151        SH:  0    Dex: 14    Spells: 5/5 levels left

rFire    . . .     SeeInvis .   a - +0 trident
rCold    . . .     Faith    .   o - +0 kite shield
rNeg     . . .     Spirit   .   b - +0 leather armour
rPois    .         Reflect  +   c - +0 helmet
rElec    .         Harm     .   (no cloak)
rCorr    +         Rampage  .   (no gloves)
Will     .....                  (no boots)
Stlth    +.........             r - amulet of reflection
HPRegen  0.15/turn              k - ring of resist corrosion
MPRegen  0.11/turn              v - +6 ring of intelligence

@: confused
A: claws 2, slimy green scales 1, powered by death 1
a: Renounce Religion, Heroism


You were on level 4 of the Dungeon.
You worshipped Okawaru.
Okawaru was pleased with you.
You visited 1 branch of the dungeon, and saw 4 of its levels.

You collected 151 gold pieces.

Inventory:

Hand Weapons
 a - a +0 trident (weapon)
Missiles
 d - 5 throwing nets (quivered)
 m - 2 curare-tipped darts
Armour
 b - a +0 leather armour (worn)
 c - a +0 helmet (worn)
 o - a +0 kite shield (worn)
Jewellery
 j - an amulet of guardian spirit
 k - a ring of resist corrosion (left claw)
 r - an amulet of reflection (around neck)
 t - a ring of ice
 v - a +6 ring of intelligence (right claw)
Wands
 f - a wand of acid (8)
 n - a wand of polymorph (12)
Scrolls
 h - a scroll of blinking
 w - a scroll of amnesia
Potions
 e - a potion of magic
 g - 2 potions of ambrosia
 i - 2 potions of brilliance {unknown}
 l - 3 potions of curing {unknown}
 p - a potion of invisibility {unknown}
 q - a potion of degeneration {unknown}
 s - 2 potions of haste {unknown}
 u - a potion of attraction {unknown}


   Skills:
 + Level 3.4 Fighting
 + Level 3.9 Polearms
 - Level 1.7 Throwing
 + Level 3.8 Dodging
 + Level 1.0 Shields
 + Level 3.3 Invocations


You had 5 spell levels left.
You didn't know any spells.
Your spell library contained the following spells:

 Spells                   Type           Power      Damage    Failure   Level
 Beastly Appendage        Tmut           0%         N/A       87%         1
 Wereblood                Tmut           0%         N/A       95%         2
 Spider Form              Tmut/Pois      0%         N/A       99%         3
 Ice Form                 Ice/Tmut       0%         N/A       100%        4
 Hydra Form               Tmut           0%         N/A       100%        5


Dungeon Overview and Level Annotations

Branches:
Dungeon (4/15)
 Temple: D:4-7

Altars:
Okawaru

Annotations:
D:3 5 runed translucent doors, JetFlynn's ghost, weakling DESu


Innate Abilities, Weirdness & Mutations

You have very sharp fingernails.
You are partially covered in slimy green scales. (AC +2)
You regenerate a little health from kills.


Message History

You destroy the adder skeleton!
Okawaru accepts your kill. You block the orc's attack.
The orc wizard gestures at you while chanting.
The magic dart hits you. You block the orc's attack.
The orc hits you with a +0 dagger.
The orc wizard hits you but does no damage.
The orc hits you with a +0 flail!
You hit the orc wizard.
The orc wizard is moderately wounded.
You block the orc's attack. You block the orc wizard's attack.
The orc closely misses you.
You barely miss the orc wizard.
The orc wizard is moderately wounded.
The orc hits you but does no damage.
The orc wizard gestures at you while chanting.
You are confused.
The orc barely misses you. The orc hits you with a +0 dagger.
The orc hits you with a +0 flail.
The orc wizard casts a spell at itself.
The orc wizard flickers and vanishes!
Deactivating autopickup; reactivate with Ctrl-A.
You are too confused!
You are too confused!
You are too confused!
Unknown command.
You are too confused!
You miss something. The orc barely misses you.
The orc hits you but does no damage. Something hits you.
You convulse.
You completely miss something. The orc hits you with a +0 dagger.
The orc closely misses you. Something hits you.
You convulse.
* * * LOW HITPOINT WARNING * * *
The orc hits you with a +0 dagger.
* * * LOW HITPOINT WARNING * * *
You bump into the rock wall.
The orc hits you but does no damage. Something hits you but does no damage.
The orc hits you but does no damage.
You're too confused to move!
The orc hits you with a +0 flail!
* * * LOW HITPOINT WARNING * * *
Something hits you.
You die...

##..## ##....# ##.....## .###
#.......# ...##
##.......###### ...##
##......{....... #...# ###
##.....<......#..
#...###.#####o...##o.........
#...##...##.@{.###...........
#...#......)o..##....####....
#.....?.......##....## #....
#.................### #....
## ##.................#
##....
..##.................##
##.....
...##...............##
##...##.
.>[w#................#
##...####
....#................#
##...## #


You could see 2 orcs.

Vanquished Creatures
  A hound (D:3)
  An orc wizard (D:3)
  Natasha (twice) (D:2)
  4 gnolls
  6 adders
  An adder skeleton (D:4)
  A worm (D:3)
  A dart slug (D:3)
  9 orcs
  2 ball pythons
  5 endoplasms
  5 giant cockroaches
  4 goblins
  4 hobgoblins
  3 jackals
  4 quokkas (D:3)
  4 bats
  A frilled lizard (D:1)
  7 kobolds
  7 rats
72 creatures vanquished.

Notes
Turn   | Place    | Note
-------+----------+-------------------------------------------
     0 | D:1      | DasRunzen the Demonspawn Gladiator began the quest for the
                  | Orb.
     0 | D:1      | Reached XP level 1. HP: 16/16 MP: 1/1
   556 | D:1      | Gained mutation: You have sharp fingernails. [demonic
                  | ancestry]
   556 | D:1      | Reached XP level 2. HP: 18/22 MP: 2/2
   799 | D:1      | Found a faded altar of an unknown god.
   843 | D:1      | Became a worshipper of Warmaster Okawaru
   843 | D:1      | Reached * piety under Okawaru
  1367 | D:2      | Gained mutation: You are partially covered in slimy green
                  | scales. (AC +2) [demonic ancestry]
  1367 | D:2      | Reached XP level 3. HP: 28/28 MP: 3/3
  1579 | D:2      | Reached skill level 1 in Invocations
  1933 | D:2      | Noticed Natasha
  1947 | D:2      | Killed Natasha
  1948 | D:2      | Reached XP level 4. HP: 12/34 MP: 3/5
  2393 | D:2      | Noticed Natasha
  2404 | D:2      | Killed Natasha
  2772 | D:3      | Found a large runed translucent door.
  2773 | D:3      | Found a large runed translucent door.
  2871 | D:3      | Gained mutation: You regenerate a little health from kills.
                  | [demonic ancestry]
  2871 | D:3      | Reached XP level 5. HP: 41/41 MP: 6/6
  3067 | D:3      | Found a runed translucent gate.
  3072 | D:3      | Found a runed translucent gate.
  3072 | D:3      | Found a runed translucent gate.
  3445 | D:3      | Noticed JetFlynn's ghost (weakling DESu)
  4855 | D:3      | Reached skill level 1 in Shields
  4855 | D:3      | Gained mutation: You have very sharp fingernails. [demonic
                  | ancestry]
  4855 | D:3      | Reached XP level 6. HP: 29/47 MP: 8/8
  4993 | D:4      | Reached ** piety under Okawaru
  5004 | D:4      | HP: 2/47 [orc/+0 flail (9)]
  5004 | D:4      | Slain by an orc wizard

Illustrated notes

Levels and vault maps discovered:
D:1:      nagdon_arrival_double_spiral, layout_basic,
          shapermc_ecumenical_altar_mp_ritualfount
D:2:      layout_basic, minmay_tromino_v4_b, uniq_natasha
D:3:      wad_river_or_something, layout_loops_ring, jmf_multi_god_temple2,
          gammafunk_ghost_necromancy, kennysheep_generic_room_4
D:4:      layout_layer_cave, kennysheep_windowed_goal

Skill      XL: |  1  2  3  4  5 |
---------------+----------------+-----
Polearms       | 3 |  3.9
Dodging        | 3 |  3.8
Invocations    | 1 2 3 |  3.3
Fighting       | 3 |  3.4
Shields        | 1 |  1.0
Throwing       | |  1.7

Action                   |  1- 3 |  4- 6 || total
-------------------------+-------+-------++-------
Melee: Trident           |   108 |   227 ||   335
  Use: Scroll            |     2 |     4 ||     6
       Potion            |     2 |       ||     2
 Stab: Sleeping          |     3 |     2 ||     5
Armor: Leather armour    |    43 |    61 ||   104
Dodge: Dodged            |    58 |   109 ||   167
Block: Kite shield       |       |   104 ||   104

Table legend: (Time is in decaauts)
 A = Elapsed time spent in this place.
 B = Non-inter-level travel time spent in this place.
 C = Inter-level travel time spent in this place.
 D = Time resting spent in this place.
 E = Time spent auto-exploring this place.
 F = Levels seen in this place.
 G = Mean time per level.
                   A        B        C        D        E       F      G
               +--------+--------+--------+--------+--------+-----+--------+
         Total |   5157 |   5069 |     88 |    976 |   3226 |   4 | 1289.2 |
       Dungeon |   5157 |   5069 |     88 |    976 |   3226 |   4 | 1289.2 |
               +--------+--------+--------+--------+--------+-----+--------+

Top non-repeatable levels by time:
     D:3: 1985 daAuts
     D:2: 1556 daAuts
     D:1: 1335 daAuts
     D:4: 280 daAuts
